| TOP OF THE 1ST |
|
Detroit Red Wings batting - Pitching for Columbus Reds : RHP Guang Jue
|
|
Pitching: RHP Guang Jue
|
|
|
Batting: RHB Janne Vihko
|
0-0: Ground out 6-3 (Groundball, 6, EV 90.0 MPH)
|
|
Batting: RHB Jorge Lebron
|
0-0: Ball 1-0: Ball 2-0: Ball 3-0: Base on Balls
|
|
Batting: SHB Franklin Garza
|
0-0: Called Strike 0-1: Ball 1-1: Foul Ball, location: 2F 1-2: Fly out, F9 (Flyball, 89S, EV 93.1 MPH)
|
|
Batting: LHB Iestyn Peacock
|
0-0: Ball 1-0: 2-RUN HOME RUN (Flyball, 9D, EV 95.6 MPH), Distance : 382 ft
|
|
Batting: LHB Jamie Christian
|
0-0: Called Strike 0-1: Ball 1-1: Foul Ball, location: 2F 1-2: Ball 2-2: Foul Ball, location: 2F 2-2: Foul Ball, location: 2F 2-2: Strikes out swinging
|
| Top of the 1st over - 2 runs, 1 hit, 0 errors, 0 left on base; Detroit 2 - Columbus 0 |
| BOTTOM OF THE 1ST |
|
Columbus Reds batting - Pitching for Detroit Red Wings : LHP Jim Belcher
|
|
Pitching: LHP Jim Belcher
|
|
|
Batting: LHB Jose Cruz
|
0-0: Called Strike 0-1: Foul Ball, location: 2F 0-2: Ground out 5-3 (Groundball, 5, EV 99.4 MPH)
|
|
Batting: LHB Jamie Spangenberg
|
0-0: Foul Ball, location: 2F 0-1: Called Strike 0-2: SINGLE (Line Drive, 78S, EV 106.2 MPH)
|
|
Batting: RHB Ben Burkholder
|
0-0: Called Strike 0-1: Swinging Strike 0-2: Ball 1-2: Foul Ball, location: 2F 1-2: Fly out, F9 (Flyball, 9, EV 90.0 MPH)
|
|
Batting: RHB Aaron Barraza
|
0-0: Foul Ball, location: 2F 0-1: Ball 1-1: Fly out, F9 (Line Drive, 9, EV 91.2 MPH)
|
| Bottom of the 1st over - 0 runs, 1 hit, 0 errors, 1 left on base; Detroit 2 - Columbus 0 |
| TOP OF THE 2ND |
|
Detroit Red Wings batting - Pitching for Columbus Reds : RHP Guang Jue
|
|
Batting: RHB Seth Fox
|
0-0: Ball 1-0: Called Strike 1-1: SINGLE (Groundball, 56D, EV 95.6 MPH)
|
|
Batting: SHB Salvador Lacosta
|
0-0: Ball 1-0: Foul Ball, location: 2F 1-1: Called Strike 1-2: Ball 2-2: Strikes out swinging
|
|
Batting: RHB Dustin Bursell
|
0-0: Ball 1-0: Foul Ball, location: 2F 1-1: Swinging Strike 1-2: Foul Ball, location: 2F 1-2: Strikes out swinging
|
|
Batting: RHB Carlos Avila
|
0-0: Called Strike 0-1: Ball 1-1: Called Strike 1-2: Strikes out swinging
|
| Top of the 2nd over - 0 runs, 1 hit, 0 errors, 1 left on base; Detroit 2 - Columbus 0 |
| BOTTOM OF THE 2ND |
|
Columbus Reds batting - Pitching for Detroit Red Wings : LHP Jim Belcher
|
|
Batting: RHB Alex Villagomez
|
0-0: Ball 1-0: Ball 2-0: SINGLE (Groundball, P, EV 80.6 MPH) (infield hit)
|
|
Batting: RHB Ernie Maldonado
|
0-0: Foul Ball, location: 2F 0-1: SINGLE (Line Drive, 4MD, EV 96.2 MPH) Alex Villagomez to second
|
|
Batting: RHB Ch'ang-chieh Hsia
|
0-0: Ball 1-0: Ball 2-0: Ball 3-0: Called Strike 3-1: Fly out, F7 (Flyball, 7, EV 90.6 MPH)
|
|
Batting: SHB Cesar Pelayo
|
0-0: Foul Ball, location: 2F 0-1: Ball 1-1: Ball 2-1: Foul Ball, location: 2F 2-2: SINGLE (Groundball, 34D, EV 93.8 MPH) Alex Villagomez to third Ernie Maldonado to second
|
|
Batting: LHB Mike Becerra
|
0-0: Ball 1-0: SINGLE (Flyball, 8LM, EV 94.4 MPH) Alex Villagomez scores Ernie Maldonado to third Cesar Pelayo to second
|
|
Batting: LHB Jose Cruz
|
0-0: SINGLE (Groundball, 6D, EV 103.8 MPH) Ernie Maldonado scores Cesar Pelayo to third Mike Becerra to second Runner from 3rd tries for Home, throw by LF and OUT! 7-2
|
|
Batting: LHB Jamie Spangenberg
|
0-0: Fly out, F7 (Flyball, 7S, EV 88.8 MPH)
|
| Bottom of the 2nd over - 2 runs, 5 hits, 0 errors, 2 left on base; Detroit 2 - Columbus 2 |
| TOP OF THE 3RD |
|
Detroit Red Wings batting - Pitching for Columbus Reds : RHP Guang Jue
|
|
Batting: RHB Janne Vihko
|
0-0: Ground out 6-3 (Groundball, 6S, EV 68.1 MPH)
|
|
Batting: RHB Jorge Lebron
|
0-0: Called Strike 0-1: Swinging Strike 0-2: Strikes out swinging
|
|
Batting: SHB Franklin Garza
|
0-0: Foul Ball, location: 2F 0-1: Foul Ball, location: 2F 0-2: Strikes out swinging
|
| Top of the 3rd over - 0 runs, 0 hits, 0 errors, 0 left on base; Detroit 2 - Columbus 2 |
| BOTTOM OF THE 3RD |
|
Columbus Reds batting - Pitching for Detroit Red Wings : LHP Jim Belcher
|
|
Batting: RHB Ben Burkholder
|
0-0: Called Strike 0-1: Ball 1-1: Swinging Strike 1-2: Ball 2-2: Ball 3-2: Ground out U3 (Groundball, 34S, EV 83.8 MPH)
|
|
Batting: RHB Aaron Barraza
|
0-0: Foul Ball, location: 2F 0-1: SINGLE (Flyball, 7LS, EV 93.1 MPH)
|
|
Batting: RHB Alex Villagomez
|
0-0: Ball 1-0: Foul Ball, location: 2F 1-1: SINGLE (Line Drive, 8LS, EV 105.6 MPH) Aaron Barraza to second
|
|
Batting: RHB Ernie Maldonado
|
0-0: Called Strike 0-1: Swinging Strike 0-2: SINGLE (Line Drive, 56, EV 95.6 MPH) Aaron Barraza to third Alex Villagomez to second
|
|
Batting: RHB Ch'ang-chieh Hsia
|
0-0: Ball 1-0: Ground out 5-3 (Groundball, 56S, EV 60.6 MPH) Aaron Barraza scores Alex Villagomez to third Ernie Maldonado to second
|
|
Batting: SHB Cesar Pelayo
|
0-0: Ball 1-0: Swinging Strike 1-1: Foul Ball, location: 2F 1-2: Ball 2-2: Foul Ball, location: 2F 2-2: Foul Ball, location: 2F 2-2: Ground out 5-3 (Groundball, 25, EV 92.5 MPH)
|
| Bottom of the 3rd over - 1 run, 3 hits, 0 errors, 2 left on base; Detroit 2 - Columbus 3 |
| TOP OF THE 4TH |
|
Detroit Red Wings batting - Pitching for Columbus Reds : RHP Guang Jue
|
|
Batting: LHB Iestyn Peacock
|
0-0: Ball 1-0: Ground out 4-3 (Groundball, 4, EV 102.5 MPH)
|
|
Batting: LHB Jamie Christian
|
0-0: Ball 1-0: Ball 2-0: Foul Ball, location: 2F 2-1: Fly out, F9 (Flyball, 9, EV 91.2 MPH)
|
|
Batting: RHB Seth Fox
|
0-0: Ball 1-0: Swinging Strike 1-1: Swinging Strike 1-2: Ball 2-2: Foul Ball, location: 2F 2-2: Ball 3-2: Strikes out swinging
|
| Top of the 4th over - 0 runs, 0 hits, 0 errors, 0 left on base; Detroit 2 - Columbus 3 |
| BOTTOM OF THE 4TH |
|
Columbus Reds batting - Pitching for Detroit Red Wings : LHP Jim Belcher
|
|
Batting: LHB Mike Becerra
|
0-0: Ball 1-0: Ball 2-0: Ball 3-0: Called Strike 3-1: Called Strike 3-2: Ground out 4-3 (Groundball, 4MD, EV 88.1 MPH)
|
|
Batting: LHB Jose Cruz
|
0-0: Foul Ball, location: 2F 0-1: Ball 1-1: Called Strike 1-2: DOUBLE (Line Drive, 7LS, EV 99.4 MPH)
|
|
Batting: LHB Jamie Spangenberg
|
0-0: Called Strike 0-1: Foul Ball, location: 2F 0-2: Ball 1-2: Ball 2-2: Foul Ball, location: 2F 2-2: Foul Ball, location: 2F 2-2: Strikes out looking
|
|
Batting: RHB Ben Burkholder
|
0-0: Ball 1-0: SINGLE (Groundball, 4MD, EV 104.4 MPH) Jose Cruz to third Runner from 3rd tries for Home, SAFE, throw by CF to home
|
|
Batting: RHB Aaron Barraza
|
0-0: Ball 1-0: Called Strike 1-1: Called Strike 1-2: Ball 2-2: Ball 3-2: SINGLE (Groundball, 6MD, EV 103.8 MPH) Ben Burkholder to second Ben Burkholder to third
|
|
Batting: RHB Alex Villagomez
|
0-0: Ball 1-0: Called Strike 1-1: Ball 2-1: Swinging Strike 2-2: Foul Ball, location: 2F 2-2: Strikes out swinging
|
| Bottom of the 4th over - 1 run, 3 hits, 0 errors, 2 left on base; Detroit 2 - Columbus 4 |
| TOP OF THE 5TH |
|
Detroit Red Wings batting - Pitching for Columbus Reds : RHP Guang Jue
|
|
Batting: SHB Salvador Lacosta
|
0-0: Ball 1-0: Foul Ball, location: 2F 1-1: Foul Ball, location: 2F 1-2: Strikes out swinging
|
|
Batting: RHB Dustin Bursell
|
0-0: Called Strike 0-1: Ball 1-1: Swinging Strike 1-2: Strikes out looking
|
|
Batting: RHB Carlos Avila
|
0-0: Ball 1-0: Swinging Strike 1-1: Ball 2-1: Called Strike 2-2: SOLO HOME RUN (Flyball, 78XD, EV 107.5 MPH), Distance : 428 ft
|
|
Batting: RHB Janne Vihko
|
0-0: Foul Ball, location: 2F 0-1: Ball 1-1: Ground out 4-3 (Groundball, 34, EV 82.5 MPH)
|
| Top of the 5th over - 1 run, 1 hit, 0 errors, 0 left on base; Detroit 3 - Columbus 4 |
| BOTTOM OF THE 5TH |
|
Columbus Reds batting - Pitching for Detroit Red Wings : LHP Jim Belcher
|
|
Batting: RHB Ernie Maldonado
|
0-0: SINGLE (Groundball, 34D, EV 100.6 MPH)
|
|
Batting: RHB Ch'ang-chieh Hsia
|
0-0: Called Strike 0-1: Ball Ernie Maldonado is caught stealing 2nd base 2-4 1-1: Swinging Strike 1-2: Ball 2-2: Ball 3-2: Base on Balls
|
|
Batting: SHB Cesar Pelayo
|
0-0: Ball Passed Ball! Ch'ang-chieh Hsia to second 1-0: Ball 2-0: Called Strike 2-1: Ball 3-1: Called Strike 3-2: Foul Ball, location: 2F 3-2: Foul Ball, location: 2F 3-2: Foul Ball, location: 2F 3-2: Base on Balls
|
|
Batting: LHB Mike Becerra
|
0-0: Called Strike 0-1: Ball 1-1: Foul Ball, location: 2F 1-2: Foul Ball, location: 2F 1-2: Foul Ball, location: 2F 1-2: Strikes out swinging
|
|
Batting: LHB Jose Cruz
|
0-0: Called Strike 0-1: DOUBLE (Flyball, 7LD, EV 101.9 MPH) Ch'ang-chieh Hsia scores Cesar Pelayo to third
|
|
Batting: LHB Jamie Spangenberg
|
0-0: Called Strike 0-1: Foul Ball, location: 2F 0-2: Foul Ball, location: 2F 0-2: Ball 1-2: Strikes out swinging
|
| Bottom of the 5th over - 1 run, 2 hits, 0 errors, 2 left on base; Detroit 3 - Columbus 5 |
| TOP OF THE 6TH |
|
Detroit Red Wings batting - Pitching for Columbus Reds : RHP Guang Jue
|
|
Batting: RHB Jorge Lebron
|
0-0: Ball 1-0: Ball 2-0: Foul Ball, location: 2F 2-1: Ball 3-1: Foul Ball, location: 2F 3-2: Foul Ball, location: 2F 3-2: DOUBLE (Line Drive, 9LM, EV 98.1 MPH)
|
|
Batting: SHB Franklin Garza
|
0-0: Foul Ball, location: 2F 0-1: Called Strike 0-2: Strikes out swinging
|
|
Batting: LHB Iestyn Peacock
|
0-0: Ground out 4-3 (Groundball, 4, EV 106.9 MPH) Jorge Lebron to third
|
|
Batting: LHB Jamie Christian
|
0-0: Ball 1-0: Ball 2-0: Foul Ball, location: 2F 2-1: Ball 3-1: Base on Balls
|
|
Batting: RHB Seth Fox
|
0-0: Ball 1-0: Ball 2-0: Foul Ball, location: 2F 2-1: SINGLE (Groundball, 6MS, EV 68.8 MPH) (infield hit) Jorge Lebron scores Jamie Christian to second
|
|
Batting: SHB Salvador Lacosta
|
0-0: Called Strike 0-1: Ball 1-1: Called Strike 1-2: Foul Ball, location: 2F 1-2: Foul Ball, location: 2F 1-2: Ball 2-2: Strikes out swinging
|
| Top of the 6th over - 1 run, 2 hits, 0 errors, 2 left on base; Detroit 4 - Columbus 5 |
| BOTTOM OF THE 6TH |
|
Columbus Reds batting - Pitching for Detroit Red Wings : LHP Jim Belcher
|
|
Pitching: RHP Mike Santana
|
|
|
Batting: RHB Ben Burkholder
|
0-0: Ball 1-0: Called Strike 1-1: Ball 2-1: Called Strike 2-2: Ball 3-2: Fly out, F7 (Flyball, 7S, EV 84.4 MPH)
|
|
Batting: RHB Aaron Barraza
|
0-0: Hit by Pitch
|
|
Batting: RHB Alex Villagomez
|
0-0: Ball 1-0: Called Strike 1-1: SINGLE (Groundball, 34D, EV 108.8 MPH) Aaron Barraza to second Runner from 2nd tries for 3rd, SAFE, throw by RF made to third
|
|
Batting: RHB Ernie Maldonado
|
0-0: Called Strike 0-1: Called Strike 0-2: Foul Ball, location: 2F 0-2: Strikes out swinging
|
|
Batting: RHB Ch'ang-chieh Hsia
|
0-0: Swinging Strike 0-1: Called Strike 0-2: Foul Ball, location: 2F 0-2: Ball 1-2: Strikes out looking
|
| Bottom of the 6th over - 0 runs, 1 hit, 0 errors, 2 left on base; Detroit 4 - Columbus 5 |
| TOP OF THE 7TH |
|
Detroit Red Wings batting - Pitching for Columbus Reds : RHP Guang Jue
|
|
Batting: RHB Dustin Bursell
|
0-0: Fly out, F7 (Flyball, 78S, EV 80.6 MPH)
|
|
Batting: RHB Carlos Avila
|
0-0: Called Strike 0-1: Ball 1-1: Ball 2-1: Ball 3-1: Base on Balls
|
|
Batting: RHB Janne Vihko
|
0-0: Ball 1-0: SINGLE (Line Drive, 6D, EV 101.9 MPH) Carlos Avila to second
|
|
Batting: SHB Eisse Wijnja
|
0-0: Fly out, F9 (Flyball, 9D, EV 84.4 MPH)
|
|
Batting: SHB Franklin Garza
|
0-0: Called Strike 0-1: Swinging Strike 0-2: Ball 1-2: Ball 2-2: Ball 3-2: Strikes out swinging, 2-3 out at first.
|
| Top of the 7th over - 0 runs, 1 hit, 0 errors, 2 left on base; Detroit 4 - Columbus 5 |
| BOTTOM OF THE 7TH |
|
Columbus Reds batting - Pitching for Detroit Red Wings : RHP Mike Santana
|
|
Pitching: RHP Denzel McPherson
|
|
|
Batting: SHB Cesar Pelayo
|
0-0: Called Strike 0-1: Foul Ball, location: 2F 0-2: Strikes out swinging
|
|
Batting: LHB Mike Becerra
|
0-0: Called Strike 0-1: Swinging Strike 0-2: Ball 1-2: Ball 2-2: Foul Ball, location: 2F 2-2: Foul Ball, location: 2F 2-2: Ball 3-2: Strikes out looking
|
|
Batting: LHB Jose Cruz
|
0-0: Ball 1-0: Ball 2-0: Foul Ball, location: 2F 2-1: Fly out, F9 (Flyball, 9LS, EV 93.1 MPH)
|
| Bottom of the 7th over - 0 runs, 0 hits, 0 errors, 0 left on base; Detroit 4 - Columbus 5 |
| TOP OF THE 8TH |
|
Detroit Red Wings batting - Pitching for Columbus Reds : RHP Guang Jue
|
|
Now in LF: Tim Kirk
|
|
|
Batting: LHB Iestyn Peacock
|
0-0: Ball 1-0: Fly out, F9 (Flyball, 9, EV 86.9 MPH)
|
|
Batting: LHB Jamie Christian
|
0-0: Ball 1-0: Ball 2-0: Called Strike 2-1: SINGLE (Groundball, 4MD, EV 98.8 MPH)
|
|
Pinch Hitting: RHB Juan Perez
|
0-0: Foul Ball, location: 2F 0-1: Called Strike 0-2: Ball 1-2: Grounds into double play, 6-4-3 (Groundball, 6M, EV 84.4 MPH)
|
| Top of the 8th over - 0 runs, 1 hit, 0 errors, 0 left on base; Detroit 4 - Columbus 5 |
| BOTTOM OF THE 8TH |
|
Columbus Reds batting - Pitching for Detroit Red Wings : RHP Denzel McPherson
|
|
Now in CF: Cody Kafer
|
|
|
Now in RF: Iestyn Peacock
|
|
|
Batting: LHB Jamie Spangenberg
|
0-0: Ball 1-0: Ground out 4-3 (Groundball, 4MS, EV 73.1 MPH)
|
|
Batting: RHB Ben Burkholder
|
0-0: Called Strike 0-1: Ball 1-1: Called Strike 1-2: Ball 2-2: Ball 3-2: Base on Balls
|
|
Batting: RHB Aaron Barraza
|
0-0: Ball 1-0: Called Strike 1-1: Called Strike 1-2: Strikes out swinging Ben Burkholder is caught stealing 2nd base 2-4 Batter strikes out.
|
| Bottom of the 8th over - 0 runs, 0 hits, 0 errors, 0 left on base; Detroit 4 - Columbus 5 |
| TOP OF THE 9TH |
|
Detroit Red Wings batting - Pitching for Columbus Reds : RHP Guang Jue
|
|
Pinch Hitting: RHB Yuusou Honda
|
0-0: Reached on error, E2 (Groundball, 13S, EV 71.9 MPH)
|
|
Batting: RHB Dustin Bursell
|
0-0: DOUBLE (Line Drive, 9LS, EV 104.4 MPH) Yuusou Honda scores
|
|
Batting: RHB Carlos Avila
|
0-0: Called Strike 0-1: Called Strike 0-2: Strikes out swinging
|
|
Batting: RHB Janne Vihko
|
0-0: SINGLE (Line Drive, 78S, EV 109.4 MPH) Dustin Bursell to third
|
|
Batting: SHB Eisse Wijnja
|
0-0: Fly out, F8 (Flyball, 8LD, EV 96.2 MPH) Runner from 3rd tags up, OUT at HOME! 8-2
|
| Top of the 9th over - 1 run, 2 hits, 1 error, 1 left on base; Detroit 5 - Columbus 5 |
| BOTTOM OF THE 9TH |
|
Columbus Reds batting - Pitching for Detroit Red Wings : RHP Denzel McPherson
|
|
Pitching: RHP Efrain Diaz
|
|
|
Now at SS: Yuusou Honda
|
|
|
Batting: RHB Alex Villagomez
|
0-0: Ball 1-0: Called Strike 1-1: Swinging Strike 1-2: Foul Ball, location: 2F 1-2: Strikes out swinging
|
|
Batting: RHB Ernie Maldonado
|
0-0: Ball 1-0: Ball 2-0: Foul Ball, location: 2F 2-1: Foul Ball, location: 2F 2-2: Ball 3-2: Base on Balls
|
|
Batting: LHB Matthew Berry
|
0-0: Ball 1-0: Ball 2-0: Ball 3-0: Called Strike 3-1: SINGLE (Line Drive, 78M, EV 93.1 MPH) Ernie Maldonado to second
|
|
Batting: SHB Cesar Pelayo
|
0-0: Ball 1-0: Swinging Strike 1-1: Foul Ball, location: 2F 1-2: Ball 2-2: Foul Ball, location: 2F 2-2: Foul Ball, location: 2F 2-2: Foul Ball, location: 2F 2-2: Foul Ball, location: 2F 2-2: Foul Ball, location: 2F 2-2: Strikes out looking
|
|
Batting: LHB Tim Kirk
|
0-0: Ball 1-0: Fly out, F7 (Line Drive, 7LM, EV 95.0 MPH)
|
| Bottom of the 9th over - 0 runs, 1 hit, 0 errors, 2 left on base; Detroit 5 - Columbus 5 |
| TOP OF THE 10TH |
|
Detroit Red Wings batting - Pitching for Columbus Reds : RHP Guang Jue
|
|
Batting: SHB Franklin Garza
|
0-0: Ball 1-0: Ball 2-0: Ball 3-0: Base on Balls
|
|
Batting: LHB Iestyn Peacock
|
0-0: Ball 1-0: Called Strike 1-1: SINGLE (Groundball, 34D, EV 98.1 MPH) Franklin Garza to second Runner from 2nd tries for 3rd, SAFE, throw by RF made to third
|
|
Batting: LHB Jamie Christian
|
0-0: Ball 1-0: Called Strike 1-1: Ball 2-1: Foul Ball, location: 2F 2-2: Strikes out looking
|
|
Batting: RHB Cody Kafer
|
0-0: Called Strike 0-1: Ball 1-1: Called Strike 1-2: Ball 2-2: SINGLE (Groundball, 3S, EV 70.6 MPH) (infield hit) Franklin Garza scores Iestyn Peacock to second
|
|
Batting: RHB Yuusou Honda
|
0-0: Called Strike 0-1: Foul Ball, location: 2F 0-2: Reached on error, E3 (Groundball, 34S, EV 91.9 MPH) Iestyn Peacock to third Cody Kafer to second
|
|
Batting: RHB Dustin Bursell
|
0-0: Called Strike 0-1: Ball 1-1: Ball 2-1: Called Strike 2-2: DOUBLE (Line Drive, 9LS, EV 97.5 MPH) Iestyn Peacock scores Cody Kafer scores Yuusou Honda to third Runner from 3rd tries for Home, SAFE, throw by RF to home
|
|
Pitching: RHP Jay Harrison
|
|
|
Batting: RHB Carlos Avila
|
0-0: Ball 1-0: Ball 2-0: Fly out, F7 (Flyball, 7D, EV 103.1 MPH) Runner from 2nd tags up, SAFE at 3rd, no throw by LF
|
|
Batting: RHB Janne Vihko
|
Balk! Dustin Bursell scores 0-0: Ball 1-0: Ball 2-0: Ball 3-0: Called Strike 3-1: Base on Balls
|
|
Batting: SHB Eisse Wijnja
|
0-0: Ball 1-0: Ball Janne Vihko steals 2nd base 2-0: Ground out 6-3 (Groundball, 6M, EV 84.4 MPH)
|
| Top of the 10th over - 5 runs, 3 hits, 1 error, 1 left on base; Detroit 10 - Columbus 5 |
| BOTTOM OF THE 10TH |
|
Columbus Reds batting - Pitching for Detroit Red Wings : RHP Efrain Diaz
|
|
Pinch Hitting: RHB Ed Santibanez
|
0-0: Foul Ball, location: 2F 0-1: Ball 1-1: Swinging Strike 1-2: Fly out, F4 (Line Drive, 4M, EV 83.1 MPH)
|
|
Batting: LHB Jamie Spangenberg
|
0-0: Swinging Strike 0-1: Called Strike 0-2: Strikes out swinging
|
|
Batting: RHB Ben Burkholder
|
0-0: Foul Ball, location: 2F 0-1: Ball 1-1: Ball 2-1: Called Strike 2-2: Ball 3-2: Foul Ball, location: 2F 3-2: Base on Balls
|
|
Batting: RHB Aaron Barraza
|
0-0: Called Strike 0-1: Swinging Strike 0-2: Ball 1-2: Ball 2-2: DOUBLE (Line Drive, 9LS, EV 101.2 MPH) Ben Burkholder to third
|
|
Batting: RHB Alex Villagomez
|
0-0: Ball 1-0: Foul Ball, location: 2F 1-1: Ball 2-1: Ball 3-1: 3-RUN HOME RUN (Flyball, 7LD, EV 95.6 MPH), Distance : 352 ft
|
|
Batting: RHB Ernie Maldonado
|
0-0: Called Strike 0-1: Called Strike 0-2: Strikes out swinging
|
| Bottom of the 10th over - 3 runs, 2 hits, 0 errors, 0 left on base; Detroit 10 - Columbus 8 |
|